 Dungeon Crawl Stone Soup version 0.28-a0-1387-g3a22ab9bdc (webtiles) character file.

Game seed: 15194593173431484281

5832 HallandMoats the Torchbearer (level 10, 0/80 HPs)
             Began as a Demonspawn Fighter on Jan 2, 2022.
             Was an Initiate of Yredelemnul.
             Slain by a yak (4 damage)
             ... on level 8 of the Dungeon on Jan 3, 2022.
             The game lasted 00:17:01 (8150 turns).

HallandMoats the Torchbearer (Demonspawn Fighter)   Turns: 8150, Time: 00:17:01

Health: 0/80       AC: 14    Str: 19    XL:     10   Next: 51%
Magic:  0/17       EV: 13    Int: 10    God:    Yredelemnul [......]
Gold:   486        SH:  5    Dex: 14    Spells: 9/9 levels left

rFire   + . .      SeeInvis .   A - +5 spear (vamp)
rCold   . . .      Faith    .   c - +0 buckler
rNeg    . . .      Spirit   +   o - +2 ring mail of Resonance {rF+}
rPois   .          Reflect  .   (helmet restricted)
rElec   .          Harm     .   j - +0 cloak
rCorr   +          Rampage  .   (no gloves)
Will    .....      Clarity  +   C - +1 pair of boots
Stlth   +.........              (no amulet)
HPRegen 0.23/turn               i - ring of resist corrosion
MPRegen 0.30/turn               (no ring)

@: unable to read
A: slimy green scales 2, magic shield, magic regeneration, magic link, weakness
stinger 1, antennae 1, clarity, inability to read while threatened
a: Renounce Religion, Recall Undead Harvest


You were on level 8 of the Dungeon.
You worshipped Yredelemnul.
Yredelemnul was aware of your devotion.
You visited 1 branch of the dungeon, and saw 8 of its levels.
You also visited: Ossuary.

You collected 486 gold pieces.

Inventory:

Hand Weapons
 a - a +0 war axe
 u - a +1 whip of electrocution
 A - a +5 vampiric spear (weapon)
Armour
 c - a +0 buckler (worn)
 j - a +0 cloak (worn)
 o - the +2 ring mail of Resonance (worn) {rF+}
   (You found it on level 2 of the Dungeon)

   rF:        It protects you from fire.
 v - a +0 robe of positive energy
 C - a +1 pair of boots (worn)
Magical Staves
 t - a staff of poison
Jewellery
 i - a ring of resist corrosion (left hand)
Scrolls
 b - a scroll of torment {unknown}
 e - 12 scrolls of identify {unknown}
 f - 3 scrolls of magic mapping {unknown}
 h - 3 scrolls of fog {unknown}
 k - 3 scrolls of blinking {unknown}
 n - 2 scrolls of amnesia {unknown}
 p - a scroll of enchant weapon {unknown}
 q - a scroll of enchant armour {unknown}
 r - 2 scrolls of fear {unknown}
 s - 2 scrolls of noise {unknown}
 w - 3 scrolls of teleportation {unknown}
 y - a scroll of brand weapon {unknown}
Potions
 d - a potion of resistance {unknown}
 g - 2 potions of lignification {unknown}
 l - 3 potions of brilliance
 m - 2 potions of berserk rage {unknown}
 x - a potion of cancellation {unknown}
 z - a potion of ambrosia {unknown}
 B - a potion of haste {unknown}
 D - a potion of curing {unknown}
 E - a potion of flight {unknown}


   Skills:
 + Level 7.8 Fighting
 + Level 5.6 Axes
 + Level 6.0 Armour
 + Level 5.2 Dodging
 - Level 5.7 Shields
 * Level 10.6 Invocations


You had 9 spell levels left.
You didn't know any spells.
Your spell library contained the following spells:

 Spells                   Type           Power      Damage    Failure   Level
 Freeze                   Ice            0%         1d3       52%         1
 Magic Dart               Conj           0%         1d3       52%         1
 Call Imp                 Summ           0%         N/A       67%         2
 Frozen Ramparts          Ice            0%         1d2       88%         3
 Mephitic Cloud           Conj/Pois/Air  0%         N/A       88%         3
 Hailstorm                Conj/Ice       0%         3d3       99%         4


Dungeon Overview and Level Annotations

Branches:
Dungeon (8/15)             Temple (0/1) D:5         Ossuary (visited)
   Lair: D:8-11

Altars:
Dithmenos
Fedhas
Ru
Yredelemnul

Shops:
D:6 (


Innate Abilities, Weirdness & Mutations

You are mostly covered in slimy green scales. (AC +3)
When hurt, damage is shared between your health and your magic reserves.
You regenerate magic rapidly.
When low on magic, you restore magic in place of health.
You have a small tail.
You have a pair of small antennae on your head.
You possess an exceptional clarity of mind.
You sometimes lose the ability to read scrolls when taking damage.


Message History

The yak bellows!
You hit the warg but do no damage.
The warg is severely wounded.
The warg bites you but does no damage. You block the yak's attack.
You hit the warg.
You feel better.
You tail-slap the warg.
The warg is almost dead.
The warg bites you!
You feel threatened and lose the ability to read scrolls!
The yak barely misses you.
The orc priest mumbles some strange prayers to Beogh against you.
Beogh smites you! The warg bites you.
You closely miss the warg.
You tail-slap the warg, but do no damage.
The warg is almost dead.
The warg bites you but does no damage. The yak gores you!
* * * LOW HITPOINT WARNING * * *
You puncture the warg!
You feel better.
You kill the warg!
The yak barely misses you.
The orc priest calls down the wrath of Beogh upon you.
Beogh smites you!
* * * LOW HITPOINT WARNING * * *
You hit the orc priest.
You feel better.
The orc priest is moderately wounded.
The orc priest completely misses you. The yak gores you!
* * * LOW HITPOINT WARNING * * *
You barely miss the orc priest.
The orc priest is moderately wounded.
The orc priest hits you but does no damage.
The yak gores you but does no damage.
You hit the orc priest.
You feel better.
The orc priest is moderately wounded.
The orc priest looks encouraged for a moment.
You block the yak's attack.
You hit the orc priest.
The orc priest is heavily wounded.
The orc priest looks satisfied for a moment.
The yak gores you!
You die...
Your body rises from the dead as a mindless zombie.

........##............#
#..........#........# ##
...............#{..# #.
#..|........#.#.Z.####^
###.........####...##...
...#........#{## #........
.........o##.# ##........
....##..#Y##.# #......... ..
####. #..#@##.. ##<....... #.
#.... ###..#o##.. ##........
#.#..#..##....#YY##.# #......#.#
....##.............####....####
#..# #...Y.................#..#
###.#####....Y........<..........
#.....###Yo#.....................
...o.Y.....#.#.................##
.............##.................#


You could see 3 yaks, an orc priest and an orc.

Vanquished Creatures
  Pikel (D:4)
  2 trolls
  4 yaks
  A steam dragon (D:8)
  2 wargs
  A sky beast (D:5)
  An orc warrior (D:6)
  3 ogres (D:6)
  A centaur (D:5)
  3 kobold brigands (D:6)
  Blork the orc (D:4)
  A bullfrog (D:7)
  A gnoll sergeant (D:6)
  3 scorpions
  A wyvern skeleton (D:7)
  A water moccasin zombie (D:6)
  2 wights (D:6)
  6 howler monkeys
  A centaur zombie (D:7)
  7 orc priests
  6 hounds
  A jelly (D:5)
  5 orc wizards (D:6)
  2 iguanas
  3 mummies
  A howler monkey zombie (D:8)
  5 gnolls
  A howler monkey skeleton (D:5)
  2 adders (D:5)
  A shadow imp (D:8)
  2 ufetubi
  An adder zombie (Ossuary)
  A worm (D:4)
  A dart slug (D:2)
  10 orcs
  5 bats
  5 endoplasms
  6 giant cockroaches
  2 goblins
  7 hobgoblins
  3 jackals (D:3)
  7 quokkas
  7 ball pythons
  A frilled lizard (D:2)
  4 goblin zombies (Ossuary)
  12 hobgoblin zombies (Ossuary)
  2 jackal zombies (Ossuary)
  5 kobolds
  13 kobold zombies
  6 orc zombies
  2 rats
  A rat zombie (Ossuary)
173 creatures vanquished.

Vanquished Creatures (collateral kills)
  A komodo dragon (D:7)
  A hornet (D:7)
  A yak (D:5)
  An orc warrior (D:6)
  2 sky beasts
  A centaur (D:6)
  2 phantoms (D:5)
  A bullfrog (D:7)
  2 wights (D:6)
  A howler monkey (D:6)
  4 hounds (D:6)
  A gnoll shaman (D:6)
  4 orc priests
  4 gnolls
  2 adders (D:2)
  An ufetubus (D:5)
  2 worms (D:2)
  A dart slug (D:2)
  7 orcs
  2 goblins
  A hobgoblin (D:3)
  2 kobolds
  2 ball pythons (D:3)
  2 frilled lizards
  2 rats (D:3)
50 creatures vanquished.

Vanquished Creatures (others)
  A warg zombie (D:6)
  An orc wizard (D:6)
  A kobold zombie (D:6)
  2 ogre zombies (D:6)
  7 hound zombies
  2 howler monkey zombies (D:6)
  A steam dragon zombie (D:8)
  5 gnoll zombies
  A giant cockroach zombie (D:4)
  10 orc zombies
  2 fungi (D:6)
  3 plants (D:6)
36 creatures vanquished.

Grand Total: 259 creatures vanquished

Notes
Turn   | Place    | Note
-------+----------+-------------------------------------------
     0 | D:1      | HallandMoats the Demonspawn Fighter began the quest for the
                  | Orb.
     0 | D:1      | Reached XP level 1. HP: 18/18 MP: 1/1
    30 | D:1      | Found a faded altar of an unknown god.
    41 | D:1      | Prayed at the altar of an unknown god.
    41 | D:1      | Became a worshipper of Yredelemnul the Dark
    41 | D:1      | Reached * piety under Yredelemnul
   233 | D:1      | Gained mutation: You are partially covered in slimy green
                  | scales. (AC +2) [demonic ancestry]
   233 | D:1      | Reached XP level 2. HP: 24/24 MP: 2/2
   372 | D:1      | Reached ** piety under Yredelemnul
  1138 | D:2      | Reached XP level 3. HP: 7/29 MP: 3/3
  1405 | D:2      | Identified the +2 ring mail of Resonance {rF+}
  1829 | D:2      | Gained mutation: You have a small tail. [demonic ancestry]
  1829 | D:2      | Reached XP level 4. HP: 37/37 MP: 4/4
  2169 | D:3      | Reached skill level 1 in Invocations
  2252 | D:3      | Reached skill level 1 in Dodging
  2647 | D:3      | Gained mutation: You are mostly covered in slimy green
                  | scales. (AC +3) [demonic ancestry]
  2647 | D:3      | Reached XP level 5. HP: 7/42 MP: 6/6
  3125 | D:3      | Reached skill level 2 in Invocations
  3192 | D:3      | Reached *** piety under Yredelemnul
  3267 | D:4      | Noticed a lemure
  3267 | D:4      | Noticed a lemure
  3267 | D:4      | Noticed a lemure
  3267 | D:4      | Noticed Pikel
  3270 | D:4      | Noticed a lemure
  3274 | D:4      | Killed Pikel
  3275 | D:4      | Reached skill level 4 in Invocations
  3275 | D:4      | Reached XP level 6. HP: 29/50 MP: 6/9
  3275 | D:4      | Gained mutation: You regenerate magic rapidly. [demonic
                  | ancestry]
  3275 | D:4      | Reached XP level 7. HP: 32/55 MP: 6/10
  3533 | D:4      | Found a sand-covered staircase.
  3539 | Ossuary  | Entered an ossuary
  4141 | D:4      | Noticed Blork the orc
  4160 | D:4      | Killed Blork the orc
  4161 | D:4      | Reached skill level 5 in Fighting
  4315 | D:5      | Entered Level 5 of the Dungeon
  4426 | D:5      | Noticed a yak
  4426 | D:5      | Noticed a yak
  4427 | D:5      | Noticed a yak
  4427 | D:5      | Noticed a yak
  4435 | D:5      | Gained mutation: You have hidden genetic potential. [potion
                  | of mutation]
  4435 | D:5      | Gained mutation: You are dopey. (Int -2) [potion of
                  | mutation]
  4435 | D:5      | Gained mutation: You expend magic power (3 MP) to
                  | strengthen your wands. [potion of mutation]
  4436 | D:5      | Lost mutation: You are dopey. (Int -2) [potion of mutation]
  4436 | D:5      | Lost mutation: You expend magic power (3 MP) to strengthen
                  | your wands. [potion of mutation]
  4436 | D:5      | Lost mutation: You have hidden genetic potential. [potion
                  | of mutation]
  4436 | D:5      | Gained mutation: You have a pair of small antennae on your
                  | head. [potion of mutation]
  4436 | D:5      | Gained mutation: You possess an exceptional clarity of
                  | mind. [potion of mutation]
  4436 | D:5      | Gained mutation: You sometimes lose the ability to read
                  | scrolls when taking damage. [potion of mutation]
  4446 | D:5      | Killed a yak
  4456 | D:5      | Killed a yak
  4457 | D:5      | Reached skill level 5 in Invocations
  4457 | D:5      | Reached XP level 8. HP: 30/63 MP: 11/11
  4459 | D:5      | Reached skill level 5 in Shields
  4807 | D:5      | Reached skill level 6 in Invocations
  5123 | D:5      | Found a staircase to the Ecumenical Temple.
  5508 | D:6      | Gained mutation: When hurt, damage is shared between your
                  | health and your magic reserves. [demonic ancestry]
  5508 | D:6      | Reached XP level 9. HP: 55/70 MP: 12/14
  5582 | D:6      | Found Yschaik's Firing Range.
  5766 | D:6      | Reached skill level 7 in Invocations
  6029 | D:6      | HP: 1/71 [orc warrior (5)]
  6039 | D:6      | Reached skill level 5 in Armour
  6039 | D:6      | Reached skill level 8 in Invocations
  6371 | D:6      | Reached skill level 9 in Invocations
  6416 | D:6      | Reached skill level 5 in Axes
  6426 | D:6      | Gained mutation: When low on magic, you restore magic in
                  | place of health. [demonic ancestry]
  6426 | D:6      | Reached XP level 10. HP: 29/79 MP: 11/16
  7073 | D:6      | Found a blossoming altar of Fedhas.
  7074 | D:6      | Found a shadowy altar of Dithmenos.
  7552 | D:7      | Reached skill level 10 in Invocations
  7558 | D:7      | Paralysed by a hornet for 2 turns
  7566 | D:7      | Reached skill level 5 in Dodging
  7857 | D:7      | Found a sacrificial altar of Ru.
  8147 | D:8      | HP: 3/80 [yak (10)]
  8150 | D:8      | Slain by a yak

Illustrated notes

Levels and vault maps discovered:
D:1:      dpeg_arrival_short_road, layout_basic, basic_ecumenical_altar,
          minmay_pentomino_z2
D:2:      layout_basic
D:3:      minmay_octagon_keep, layout_loops_ring
D:4:      layout_cave_pools, nicolae_ossuary_entry_giza, uniq_pikel,
          uniq_blork_the_orc
D:5:      layout_basic
D:6:      lemuel_castle_with_subvaults [lemuel_castle_interior_original],
          layout_basic, grunt_temple_overflow_open, nicolae_shop_firing_range
D:7:      layout_rooms, lemuel_doored_altar
D:8:      layout_cave_pools, erik_lair_orcish_takeover, uniq_maggie

Skill      XL: |  1  2  3  4  5  6  7  8  9 10 |
---------------+-------------------------------+-----
Axes           | 2 3 4 5 |  5.6
Shields        | 3 4 5 |  5.7
Armour         | 3 4 5 6 |  6.0
Invocations    | 1 4 5 6 9 10 | 10.6
Dodging        | 1 2 3 4 5 |  5.2
Fighting       | 4 5 6 7 |  7.8

Action                   |  1- 3 |  4- 6 |  7- 9 | 10-12 || total
-------------------------+-------+-------+-------+-------++-------
Melee: War axe           |    65 |    83 |     3 |       ||   151
       Tailslap          |       |     8 |    70 |    30 ||   108
       Whip              |       |       |   411 |    61 ||   472
       Spear             |       |       |       |   110 ||   110
  Use: Potion            |       |     1 |     5 |       ||     6
 Stab: Distracted        |       |     1 |     1 |     1 ||     3
Armor: Scale mail        |    38 |       |       |       ||    38
       Ring mail         |    11 |    40 |   194 |    77 ||   322
Dodge: Dodged            |    39 |    54 |   253 |   108 ||   454
Block: Buckler           |    17 |    20 |   114 |    55 ||   206

Table legend: (Time is in decaauts)
 A = Elapsed time spent in this place.
 B = Non-inter-level travel time spent in this place.
 C = Inter-level travel time spent in this place.
 D = Time resting spent in this place.
 E = Time spent auto-exploring this place.
 F = Levels seen in this place.
 G = Mean time per level.
                   A        B        C        D        E       F      G
               +--------+--------+--------+--------+--------+-----+--------+
         Total |   8204 |   8060 |    144 |    939 |   5096 |   9 |  911.6 |
       Dungeon |   7843 |   7699 |    144 |    939 |   4937 |   8 |  980.4 |
       Ossuary |    361 |    361 |      0 |      0 |    159 |   1 |  361.0 |
               +--------+--------+--------+--------+--------+-----+--------+

Top non-repeatable levels by time:
     D:6: 1604 daAuts
     D:5: 1406 daAuts
     D:3: 1154 daAuts
     D:2: 1142 daAuts
     D:1: 1004 daAuts
     D:4: 714 daAuts
     D:7: 635 daAuts
 Ossuary: 361 daAuts
     D:8: 181 daAuts
